 Dungeon Crawl Stone Soup version 0.22-a0-305-gd21a89c (webtiles) character file.

749 xccam the Slasher (level 8, -11/90 HPs)
             Began as a Formicid Fighter on Mar 29, 2018.
             Was a Follower of Cheibriados.
             Mangled by Pikel
             ... wielding a +1 whip of electrocution
              (20 damage)
             ... on level 5 of the Dungeon.
             The game lasted 00:12:54 (4855 turns).

xccam the Slasher (Formicid Fighter)                Turns: 4855, Time: 00:12:55

Health: -11/90     AC: 24    Str: 20 (22) XL:     8   Next: 6%
Magic:  9/9        EV:  2    Int: 15 (18) God:    Cheibriados [*.....]
Gold:   237        SH: 10    Dex: 11 (14) Spells: 7/7 levels left

rFire    . . .     SeeInvis .   a - +0 long sword
rCold    . . .     Gourm    .   c - +0 shield
rNeg     + + +     Faith    .   (armour currently unavailable)
rPois    +         Spirit   .   (helmet unavailable)
rElec    .         Reflect  .   (cloak currently unavailable)
rCorr    .         Harm     .   (gloves currently unavailable)
MR       .....                  (boots currently unavailable)
Stlth    +.........             s - amulet of the acrobat
HPRegen  0.25/turn              h - +6 ring of intelligence
MPRegen  0.11/turn              m - ring of wizardry

@: tree-form, very slow
A: permanent stasis, dig shafts and tunnels, four strong arms, weak 1, subdued
magic 1
a: Bend Time, Renounce Religion


You were on level 5 of the Dungeon.
You worshipped Cheibriados.
Cheibriados was aware of your devotion.
You were not hungry.
You were a tree.
You visited 1 branch of the dungeon, and saw 5 of its levels.

You collected 237 gold pieces.

Inventory:

Hand Weapons
 a - a +0 long sword (weapon)
Armour
 b - a +0 scale mail (melded)
 c - a +0 shield (worn)
 i - a +0 cloak (melded)
 y - a +0 pair of boots (melded)
Jewellery
 h - a +6 ring of intelligence (left branch)
 m - a ring of wizardry (right branch)
 s - an amulet of the acrobat (around neck)
 z - a +6 ring of intelligence
Scrolls
 e - 5 scrolls of blinking {unknown}
 g - a scroll of random uselessness {unknown}
 j - 2 scrolls of magic mapping {unknown}
 l - 2 scrolls of enchant armour {unknown}
 n - 3 scrolls of identify {unknown}
 o - 3 scrolls of fear {unknown}
 q - a scroll of noise {unknown}
 u - 2 scrolls of amnesia {unknown}
 w - 2 scrolls of immolation {unknown}
 x - a scroll of remove curse {unknown}
 A - 2 scrolls of teleportation {unknown}
Potions
 d - a potion of mutation
 k - a potion of berserk rage {unknown}
 v - 2 potions of curing
Comestibles
 f - 7 rations
 t - 4 chunks of flesh


   Skills:
 + Level 4.0 Fighting
 + Level 7.3 Long Blades
 - Level 3.2 Armour
 * Level 5.2 Shields
 + Level 2.3 Invocations


You had 7 spell levels left.
You didn't know any spells.

Dungeon Overview and Level Annotations

Branches:
Dungeon (5/15)
 Temple: D:4-7

Altars:
Cheibriados
Dithmenos
Makhleb
Nemelex Xobeh
Okawaru
Trog
Vehumet
Wu Jian
Xom

Shops:
D:4 [

Annotations:
D:5 Pikel


Innate Abilities, Weirdness & Mutations

You cannot be hasted, slowed, berserked, paralysed or teleported.
You can dig through walls and to a lower floor.
Your four strong arms can wield two-handed weapons with a shield.
((You have a pair of large antennae on your head. (SInv)))
((You have large cloven feet.))
You are weak. (Str -2)
Your spells are a little easier to cast, but a little less powerful.


Message History

You block Pikel's attack. The slave hits you.
You slash Pikel!
Pikel is moderately wounded.
Pikel hits you but does no damage. You block the slave's attack.
You hit Pikel but do no damage.
Pikel is moderately wounded.
Pikel hits you with a whip of electrocution.
You are electrocuted!
* * * LOW HITPOINT WARNING * * *
You block the slave's attack.
You hit Pikel.
Pikel is heavily wounded.
Pikel hits you but does no damage. The slave hits you but does no damage.
You completely miss Pikel.
Pikel is heavily wounded.
Pikel hits you but does no damage.
You are electrocuted!
* * * LOW HITPOINT WARNING * * *
The slave hits you but does no damage. Pikel hits you but does no damage.
You are electrocuted!
You die...

...##.......÷....##.............#
#..##.##.####....#...............
......##.# #...##...............
....####.# #...##...............
....## #.# #....................
..#..###.# #...<#.#########.....
..#...##.####.....##...#...##....
.................###..#..#..#...#
....#......##..#♣#_.#..#..#....##
..#............pK##..#..#..#####
....#..#.##...#.pp##...#...#
......##.##...##...#########{
.....###......##.....{......
..##.#####....##............{ {
..##....................#.h. {
...#.....................# .
....#..........###.#####....


You could see Pikel and 3 slaves.

Vanquished Creatures
  An ice beast (D:4)
  A slave (D:5)
  A scorpion (D:4)
  Crazy Yiuf (D:2)
  A hound (D:5)
  Jessica (D:2)
  Natasha (thrice) (D:2)
  An orc wizard (D:4)
  5 worker ants
  A killer bee zombie (D:5)
  10 adders
  4 gnolls
  An ooze (D:5)
  An adder zombie (D:5)
  An adder skeleton (D:4)
  3 worms
  15 dart slugs
  A leopard gecko (D:2)
  4 orcs
  2 ball pythons
  8 bats
  2 giant cockroaches
  11 goblins
  10 hobgoblins
  10 jackals
  3 quokkas
  8 frilled lizards
  A jackal skeleton (D:4)
  6 kobolds
  9 rats
126 creatures vanquished.

Notes
Turn   | Place    | Note
-------+----------+-------------------------------------------
     0 | D:1      | xccam the Formicid Fighter began the quest for the Orb.
     0 | D:1      | Reached XP level 1. HP: 18/18 MP: 1/1
   231 | D:1      | Reached XP level 2. HP: 21/24 MP: 2/2
   294 | D:1      | Reached skill level 3 in Long Blades
   357 | D:1      | Reached XP level 3. HP: 21/29 MP: 3/3
   773 | D:2      | Noticed Jessica
   793 | D:2      | Reached skill level 4 in Long Blades
   793 | D:2      | Reached XP level 4. HP: 35/35 MP: 4/4
   861 | D:2      | Killed Jessica
  1053 | D:2      | Reached XP level 5. HP: 18/41 MP: 5/5
  1219 | D:2      | Noticed Natasha
  1229 | D:2      | Killed Natasha
  1229 | D:2      | Reached skill level 5 in Long Blades
  1234 | D:2      | Noticed Natasha
  1253 | D:2      | Killed Natasha
  1270 | D:2      | Noticed Natasha
  1385 | D:2      | Killed Natasha
  1385 | D:2      | Reached XP level 6. HP: 25/47 MP: 6/6
  1628 | D:2      | Found a sparkling altar of Nemelex Xobeh.
  1751 | D:2      | Found a runed door.
  1755 | D:2      | Noticed Crazy Yiuf
  1762 | D:2      | Gained mutation: You are weak. (Str -2) [potion of mutation]
  1762 | D:2      | Gained mutation: Your spells are a little easier to cast, but a little less powerful. [potion of mutation]
  1762 | D:2      | Gained mutation: You have large cloven feet. [potion of mutation]
  1763 | D:2      | HP: 1/47 [Crazy Yiuf/quarterstaff of chaos (2)]
  2071 | D:2      | Killed Crazy Yiuf
  2071 | D:2      | Reached skill level 6 in Long Blades
  2461 | D:3      | Found a snail-covered altar of Cheibriados.
  2550 | D:3      | Became a worshipper of Cheibriados the Contemplative
  2753 | D:3      | Found an ornate altar of the Wu Jian Council.
  2794 | D:3      | Found a shimmering altar of Xom.
  2796 | D:3      | Found a hide-covered altar of Uskayaw.
  2796 | D:3      | Found a snail-covered altar of Cheibriados.
  2798 | D:3      | Found a bloodstained altar of Trog.
  2798 | D:3      | Found a shadowy altar of Dithmenos.
  2798 | D:3      | Found a radiant altar of Vehumet.
  3370 | D:4      | Reached skill level 7 in Long Blades
  3370 | D:4      | Reached XP level 7. HP: 38/52 MP: 7/7
  3442 | D:4      | Found Nehyud's Armour Emporium.
  3563 | D:4      | Reached skill level 1 in Invocations
  3589 | D:4      | Reached * piety under Cheibriados
  3808 | D:5      | Entered Level 5 of the Dungeon
  3862 | D:5      | Found a shadowy altar of Dithmenos.
  4060 | D:5      | Found a burning altar of Makhleb.
  4411 | D:4      | Reached skill level 5 in Shields
  4411 | D:4      | Reached XP level 8. HP: 16/60 MP: 9/9
  4673 | D:5      | Found an iron altar of Okawaru.
  4842 | D:5      | Noticed Pikel
  4855 | D:5      | Mangled by Pikel

Vault maps used:
D:1:      dpeg_arrival_chambers_temple_mockup, minmay_misc_feat_chi
D:2:      cheibrodos_helix_gallery, nemelex_altar_shiori, grunt_ministairs_6,
          feat_on_display, uniq_crazy_yiuf_cottage, uniq_jessica, uniq_natasha
D:3:      old_standard_altar, old_standard_altar, doesnt_xom_only_xom
D:4:      kennysheep_slugbush, serial_shops, nicolae_shop_statue_plus
D:5:      old_standard_altar, marbit_many_paths, overflow_temple_1_default,
          first_ration, hangedman_abyss_or_decor_slice, minmay_misc_feat_x,
          uniq_pikel

Skill      XL: |  1  2  3  4  5  6  7 |
---------------+----------------------+-----
Long Blades    | 3 4 5 7 |  7.3
Shields        | 5 |  5.2
Invocations    | 2 |  2.3
Fighting       | 4 |  4.0
Armour         | |  3.2

Action                   |  1- 3 |  4- 6 |  7- 9 || total
-------------------------+-------+-------+-------++-------
Melee: Long sword        |   123 |   246 |   163 ||   532
       Kick              |       |    33 |     6 ||    39
  Use: Potion            |       |     6 |     4 ||    10
  Eat: Chunk             |       |     9 |     3 ||    12
Armor: Scale mail        |    58 |   105 |    57 ||   220
       Skin              |       |       |     8 ||     8
Dodge: Dodged            |    31 |    94 |    67 ||   192
Block: Shield            |    67 |   148 |   103 ||   318
       Rpst.: Long sword |    10 |    19 |    20 ||    49

Table legend:
 A = Spawn XP
 B = Non-spawn XP
 C = Spawn XP percentage of total XP
 D = Spawn monster count
 E = Non-spawn monster count
 F = Spawn count percentage of total count
 G = Total turns spent on level
                    A         B        C        D         E        F      G
               +---------+---------+-------+---------+---------+-------+---------
         Total |       0 |    1070 |   0.0 |       0 |     125 |   0.0 |  4855
               +---------+---------+-------+---------+---------+-------+---------
           D:1 |       0 |      60 |   0.0 |       0 |      32 |   0.0 |   996
           D:2 |       0 |     281 |   0.0 |       0 |      35 |   0.0 |  1094
           D:3 |       0 |      94 |   0.0 |       0 |      20 |   0.0 |  1126
           D:4 |       0 |     440 |   0.0 |       0 |      26 |   0.0 |  1125
           D:5 |       0 |     195 |   0.0 |       0 |      12 |   0.0 |   514
               +---------+---------+-------+---------+---------+-------+---------
